 Dungeon Crawl Stone Soup version 0.30-a0-845-g7c6808c8ce (webtiles) character file.

Game seed: 11783759250493396464

23 Datul the Grasshopper (level 2, 0/22 HPs)
             Began as a Demonspawn Warper on Mar 3, 2023.
             Slain by Natasha (7 damage)
             ... on level 2 of the Dungeon.
             The game lasted 00:02:41 (888 turns).

Datul the Grasshopper (Demonspawn Warper)            Turns: 888, Time: 00:02:41

Health: 0/22       AC:  3    Str: 11    XL:     2   Next: 72%
Magic:  5/5        EV: 11    Int: 14    God:
Gold:   35         SH:  0    Dex: 14    Spells: 3/5 levels left

rFire   . . .      SeeInvis .    b - +0 sling
rCold   . . .      Faith    .    (no shield)
rNeg    . . .      Spirit   .    i - +0 leather armour
rPois   .          Reflect  .    (no helmet)
rElec   .          Rampage  .    (no cloak)
rCorr   .                        (no gloves)
Will    .....                    (no boots)
Stlth   ++                       (no amulet)
HPRegen 0.23/turn                (no ring)
MPRegen 0.09/turn                (no ring)

@: no status effects
A: thin skeletal structure 1
a: no special abilities


You were on level 2 of the Dungeon.
You visited 1 branch of the dungeon, and saw 2 of its levels.

You collected 35 gold pieces.

Inventory:

Hand Weapons
 a - a +0 mace
 b - a +0 sling (weapon)
Missiles
 d - 5 boomerangs of dispersal
Armour
 i - a +0 leather armour (worn)
Scrolls
 c - a scroll of blinking
 g - a scroll of amnesia {unknown}
 h - a scroll of immolation {unknown}
 j - a scroll of teleportation {unknown}
 k - a scroll of identify {unknown}
 l - a scroll of acquirement {unknown}
Potions
 e - a potion of lignification {unknown}
 f - a potion of cancellation {unknown}


   Skills:
 - Level 2.0 Fighting
 + Level 2.6 Maces & Flails
 - Level 1.0 Throwing
 - Level 1.0 Armour
 - Level 1.8 Dodging
 - Level 2.1 Spellcasting
 - Level 2.7 Translocations


You had 3 spell levels left.
You knew the following spells:

 Your Spells              Type           Power      Damage    Failure   Level
a - Blink                 Tloc           18%        N/A       16%         2

Your spell library contained the following spells:

 Spells                   Type           Power      Damage    Failure   Level
 Lesser Beckoning         Tloc           18%        N/A       16%         2
 Teleport Other           Tloc           9%         N/A       30%         3
 Sublimation of Blood     Necr           1%         N/A       43%         2
 Wereblood                Tmut           1%         N/A       43%         2
 Vhi's Electric Charge    Tloc/Air       10%        N/A       47%         3
 Manifold Assault         Tloc           9%         N/A       69%         4
 Summon Hydra             Summ           0%         N/A       100%        7


Dungeon Overview and Level Annotations

Branches:
Dungeon (2/15) Zot: 11094

Altars:

Annotations:
D:2 Natasha


Innate Abilities, Weirdness & Mutations

You have a somewhat thin skeletal structure. (Dex +2, Stealth+)


Message History

There is an abandoned shop here.
Found a stone staircase leading up.
You now have 35 gold pieces (gained 14).
Natasha and an endoplasm come into view.
You aren't carrying any items that you can evoke.
Adjust (i)tems, (s)pells, or (a)bilities?
i - a +0 sling Adjust to which letter? (? for menu, Esc to quit)
b - a +0 sling;
i - a +0 leather armour (worn)
There is a stone staircase leading up here.
You throw a boomerang of dispersal.
The boomerang of dispersal hits Natasha and shatters for extra damage.
Natasha blinks!
Natasha hisses angrily.
Natasha is heavily wounded.
The endoplasm quivers.
b - a +0 sling (weapon)
You shoot a sling bullet. The sling bullet hits the endoplasm.
The endoplasm is almost dead.
Natasha casts a spell.
There is a stone staircase leading up here.
You shoot a sling bullet.
The sling bullet barely misses the endoplasm.
The sling bullet hits the iron imp.
The iron imp is lightly wounded.
The endoplasm barely misses you. The endoplasm freezes you.
You are frozen.
You take 1 damage, and have 21/22 hp.
You shoot a sling bullet. The sling bullet hits the endoplasm.
You kill the endoplasm!
Natasha casts a spell at you. The magic dart hits you!
The iron imp laughs crazily.
The iron imp hits you.
* * * LOW HITPOINT WARNING * * *
You take 14 damage, and have 7/22 hp.
MASSIVE DAMAGE!!
The iron imp hits you but does no damage.
Natasha claws you!
You die...

.....#.# #.#..#....#.#
.....#..###.##.#....#.#
'######.....##.#....#.#
...# ####..##.#.#..#.#
.#)#
#.............#.#######
.#.#
#.##..##.#.#.##.#......
.#.#
#......................
.#.#
########.######.#.####.
.#.. .........@h....# #
.### #######.#.5....#
.. ...######.#
###....J..$# +........#
#.......## #.......
#....h.. .......


You could see an iron imp (summoned) and Natasha.

Vanquished Creatures
  3 bats (D:1)
  3 endoplasms
  2 goblins
  2 hobgoblins (D:1)
  4 jackals (D:1)
  A frilled lizard (D:1)
  A kobold (D:1)
  4 rats (D:1)
20 creatures vanquished.

Notes
Turn   | Place    | Note
-------+----------+-------------------------------------------
     0 | D:1      | Datul the Demonspawn Warper began the quest for the Orb.
     0 | D:1      | Reached XP level 1. HP: 16/16 MP: 3/3
   217 | D:1      | Reached skill level 1 in Throwing
   217 | D:1      | Reached skill level 1 in Armour
   252 | D:1      | Gained mutation: You have a somewhat thin skeletal
                  | structure. (Dex +2, Stealth+) [demonic ancestry]
   252 | D:1      | Reached XP level 2. HP: 22/22 MP: 5/5
   583 | D:1      | Learned a level 2 spell: Blink
   821 | D:2      | Found a faded altar of an unknown god.
   849 | D:2      | Noticed Natasha
   888 | D:2      | Slain by Natasha

Illustrated notes

Levels and vault maps discovered:
D:1:      dpeg_arrival_long_road, layout_basic, chequers_serial_rivers_micro_e,
          minmay_misc_feat_plants
D:2:      layout_basic, ebering_ecumenical_altar_abandoned, basic_altar,
          uniq_natasha, uniq_sigmund

Skill      XL: |  1 |
---------------+----+-----
Throwing       | 1 |  1.0
Armour         | 1 |  1.0
Maces & Flails | 2 |  2.6
Fighting       | |  2.0
Dodging        | |  1.8
Spellcasting   | |  2.1
Translocations | |  2.7

Action                     || total
---------------------------++-------
  Melee: Mace              ||    52
   Fire: Sling             ||     3
  Throw: Boomerang         ||     2
   Stab: Sleeping          ||     3
 Armour: Leather armour    ||     9
  Dodge: Dodged            ||    34

Table legend: (Time is in decaauts)
 A = Elapsed time spent in this place.
 B = Non-inter-level travel time spent in this place.
 C = Inter-level travel time spent in this place.
 D = Time resting spent in this place.
 E = Time spent auto-exploring this place.
 F = Levels seen in this place.
 G = Mean time per level.
                   A        B        C        D        E       F      G
               +--------+--------+--------+--------+--------+-----+--------+
         Total |    904 |    892 |     12 |    163 |    519 |   2 |  452.0 |
       Dungeon |    904 |    892 |     12 |    163 |    519 |   2 |  452.0 |
               +--------+--------+--------+--------+--------+-----+--------+

Top non-repeatable levels by time:
     D:1: 815 daAuts
     D:2: 89 daAuts
